 Dungeon Crawl Stone Soup version 0.21-a0-529-g8c7b3f5 (webtiles) character file.

1820 slep the Chopper (level 9, -5/46 HPs)
             Began as a Vine Stalker Gladiator on Dec 10, 2017.
             Was a Follower of Okawaru.
             Slain by an orc warrior
             ... wielding a +0 glaive
              (14 damage)
             ... on level 6 of the Dungeon.
             The game lasted 00:17:47 (4081 turns).

slep the Chopper (Vine Stalker Gladiator)           Turns: 4081, Time: 00:17:48

Health: -5/46      AC:  4    Str: 17    XL:     9   Next: 10%
Magic:  0/10       EV: 15    Int:  8    God:    Okawaru [*.....]
Gold:   243        SH:  0    Dex: 21    Spells: 8/8 levels left

rFire    . . .     SeeInvis .   a - +0 war axe
rCold    . . .     Gourm    .   (no shield)
rNeg     . . .     Faith    .   D - +0 robe {MR+}
rPois    .         Spirit   +   c - +0 helmet
rElec    .         Reflect  .   (no cloak)
rCorr    .         Harm     .   n - +0 pair of gloves
MR       ++...                  (no boots)
Stlth    ++........             (no amulet)
HPRegen  0.55/turn              q - +2 ring of dexterity
MPRegen  0.12/turn              y - ring of loudness (curse)

@: drained
A: fangs 3, regeneration 1, magic shield, antimagic bite, no potion heal 3, rot
immunity
a: Heroism, Renounce Religion


You were on level 6 of the Dungeon.
You worshipped Okawaru.
Okawaru was aware of your devotion.
You were hungry.

You visited 2 branches of the dungeon, and saw 7 of its levels.

You collected 243 gold pieces.

Inventory:

Hand Weapons
 a - a +0 war axe (weapon)
Missiles
 d - 5 throwing nets (quivered)
 v - 3 tomahawks
Armour
 b - a +0 leather armour
 c - a +0 helmet (worn)
 n - a +0 pair of gloves (worn)
 D - a +0 robe of magic resistance (worn)
Jewellery
 q - a +2 ring of dexterity (left hand)
 y - a cursed ring of loudness (right hand)
Scrolls
 e - 5 scrolls of identify {unknown}
 h - 2 scrolls of remove curse {unknown}
 i - 3 scrolls of noise {unknown}
 j - a scroll of enchant weapon {unknown}
 m - a scroll of fog {unknown}
 s - 2 scrolls of amnesia {unknown}
 u - 3 scrolls of teleportation {unknown}
 w - a scroll of enchant armour {unknown}
 C - 2 scrolls of magic mapping {unknown}
 E - a scroll of immolation {unknown}
Potions
 g - 2 potions of magic {unknown}
 k - a potion of brilliance {unknown}
 l - a potion of heal wounds {unknown}
 o - a potion of haste {unknown}
 p - a potion of resistance {unknown}
 r - 2 potions of agility {unknown}
 t - a potion of flight
 x - a potion of curing
 A - a potion of might
Books
 B - a book of Changes

   Spells                             Type                      Level
   a - Beastly Appendage              Transmutation                1
   b - Sticks to Snakes               Transmutation                2
   c - Spider Form                    Transmutation/Poison         3
   d - Ice Form                       Ice/Transmutation            4
   e - Blade Hands                    Transmutation                5
 F - the Guide on Translocation
   (You found it on level 5 of the Dungeon)

   Spells                             Type                      Level
   a - Apportation                    Translocation                1
   b - Force Lance                    Conjuration/Translocation    4
   c - Dispersal                      Translocation                6
   d - Controlled Blink               Translocation                8
Comestibles
 f - 5 bread rations
 z - a meat ration
 G - 4 fruits
 H - 3 chunks of flesh


   Skills:
 + Level 4.3(4.0) Fighting
 + Level 7.8(7.5) Axes
 + Level 2.0(1.8) Throwing
 + Level 3.0(2.7) Armour
 + Level 4.1(3.8) Dodging
 + Level 4.8(4.5) Stealth


You had 8 spell levels left.
You didn't know any spells.

Dungeon Overview and Level Annotations

Branches:
Dungeon (6/15)             Temple (1/1) D:4

Altars:
Ashenzari
Cheibriados
Dithmenos
Elyvilon
Fedhas
Gozag
Hepliaklqana
Kikubaaqudgha
Makhleb
Nemelex Xobeh
Okawaru
Qazlal
Ru
Sif Muna
Trog
Uskayaw
Vehumet
Xom
Yredelemnul
Zin
The Shining One

Shops:
D:4 =%[


Innate Abilities, Weirdness & Mutations

You have razor-sharp teeth.
Your natural rate of healing is unusually fast.
When hurt, damage is shared between your health and your magic reserves.
Your bite disrupts and absorbs the magic of your enemies.
Potions cannot restore your health.
You are immune to rotting.


Message History

You closely miss the orc warrior. Your bite misses the orc warrior.
The orc warrior is lightly wounded.
You hit the orc but do no damage. The orc warrior completely misses you.
The orc hits you but does no damage.
You barely miss the orc warrior.
The orc warrior is lightly wounded.
You hit the orc. The orc warrior completely misses you.
The orc barely misses you.
You hit the orc warrior but do no damage.
Your bite misses the orc warrior.
The orc warrior is lightly wounded.
You hit the orc.
You kill the orc!
Okawaru accepts your kill.
The orc warrior hits you with a glaive!!
* * * LOW HITPOINT WARNING * * *
You closely miss the orc warrior.
The orc warrior is lightly wounded.
The orc warrior hits you with a glaive!
You die...

#########
$.......##########
##..........#
##.#########.#
##......# #.#
##.....#.#####.#
#......<)@.(##.#
##.?...#o##.##.####
#....##.##.....#.##
.....#.###.##........#
.S.#..#.#
#!##.....#.## ...
#....#
#.##...#.#.######.# ..
......
...[....†.........# #
##.o.##
#.##...###.########
#... ..... #.#


You could see an orc warrior.

Vanquished Creatures
  Pikel (D:3)
  Sigmund (D:2)
  An ogre (D:5)
  3 centaurs
  3 wights (D:6)
  A howler monkey (D:6)
  A crimson imp (D:5)
  A hound (D:4)
  2 bullfrog skeletons
  A gnoll shaman (D:5)
  An orc priest (D:5)
  5 orc wizards
  Jessica (D:3)
  4 worker ants
  A hound skeleton (D:6)
  5 gnolls (D:5)
  7 adders
  A shadow imp (D:5)
  An ooze (D:1)
  An adder skeleton (D:4)
  2 dart slugs
  8 leopard geckos
  20 orcs
  2 ball pythons
  3 giant cockroaches
  5 goblins
  11 hobgoblins
  3 jackals (D:1)
  8 kobolds
  4 quokkas (D:3)
  6 bats
  5 frilled lizards
  A giant cockroach zombie (D:5)
  3 leopard gecko skeletons
  A quokka skeleton (D:6)
  6 rats
130 creatures vanquished.

Vanquished Creatures (others)
  3 orcs (D:4)
3 creatures vanquished.

Grand Total: 133 creatures vanquished

Notes
Turn   | Place    | Note
-------+----------+-------------------------------------------
     0 | D:1      | slep the Vine Stalker Gladiator began the quest for the Orb.
     0 | D:1      | Reached XP level 1. HP: 11/11 MP: 2/2
    57 | D:1      | Reached XP level 2. HP: 10/15 MP: 3/3
    98 | D:1      | Reached skill level 3 in Axes
   172 | D:1      | Reached XP level 3. HP: 10/18 MP: 4/4
   587 | D:2      | Found an ancient bone altar of Kikubaaqudgha.
   756 | D:2      | Gained mutation: Your natural rate of healing is unusually fast. [Vine Stalker growth]
   756 | D:2      | Reached XP level 4. HP: 10/23 MP: 5/5
   776 | D:2      | Noticed Sigmund
   781 | D:2      | Killed Sigmund
   781 | D:2      | Reached skill level 4 in Axes
   781 | D:2      | Reached skill level 1 in Armour
   781 | D:2      | Reached skill level 1 in Stealth
   781 | D:2      | Reached XP level 5. HP: 20/27 MP: 6/6
   853 | D:2      | Reached XP level 6. HP: 31/32 MP: 7/7
  2100 | D:3      | Noticed Jessica
  2109 | D:3      | Killed Jessica
  2109 | D:3      | Reached skill level 5 in Axes
  2199 | D:4      | Found Cemneun's Food Emporium.
  2209 | D:4      | Found Biquseer's Antique Armour Shop.
  2242 | D:4      | Reached XP level 7. HP: 31/35 MP: 6/8
  2322 | D:4      | Found Puepaent's Jewellery Emporium.
  2359 | D:4      | Noticed Pikel
  2494 | D:3      | Killed Pikel
  2494 | D:3      | Reached skill level 6 in Axes
  2494 | D:3      | Gained mutation: You have razor-sharp teeth. [Vine Stalker growth]
  2494 | D:3      | Reached XP level 8. HP: 37/40 MP: 7/9
  2721 | D:4      | Found a staircase to the Ecumenical Temple.
  2845 | Temple   | Entered the Ecumenical Temple
  2914 | Temple   | Became a worshipper of Warmaster Okawaru
  3016 | D:5      | Entered Level 5 of the Dungeon
  3089 | D:5      | Found a white marble altar of Elyvilon.
  3215 | D:5      | Found a radiant altar of Vehumet.
  3318 | D:5      | Reached skill level 7 in Axes
  3519 | D:5      | Identified the Guide on Translocation
  3693 | D:5      | Found a shadowy altar of Dithmenos.
  3696 | D:5      | Found a snail-covered altar of Cheibriados.
  3791 | D:6      | HP: 1/42 [wight/enchanted mace (3)]
  3799 | D:6      | Reached XP level 9. HP: 6/45 MP: 3/10
  3856 | D:6      | Reached * piety under Okawaru
  4081 | D:6      | Slain by an orc warrior

Vault maps used:
D:1:      dpeg_arrival_arbitrary_b, minivault_4, minmay_parallelograms,
          minmay_box_of_dots
D:2:      lemuel_zombie_altar_kikubaaqudgha, uniq_sigmund
D:3:      kennysheep_jessica_study
D:4:      minmay_temple_entry_nine_rooms, serial_shops, shop, shop,
          nicolae_shop_behind_doors, first_bread, uniq_pikel
D:5:      overflow_temple_1_default, minitemple, basic_altar
D:6:      cheibrodos_two_vegetables, marbit_many_paths, vehumet_statue,
          minmay_gold_behind_fungi
Temple:   eino_temple_rhombus

Skill      XL: |  1  2  3  4  5  6  7  8  9 |
---------------+----------------------------+-----
Throwing       | 2 |  2.0
Axes           | 3 4 5 6 7 |  7.8
Fighting       | 2 3 4 |  4.3
Armour         | 1 2 3 |  3.0
Dodging        | 3 4 |  4.1
Stealth        | 1 2 3 4 |  4.8

Action                   |  1- 3 |  4- 6 |  7- 9 || total
-------------------------+-------+-------+-------++-------
Melee: War axe           |    67 |    90 |   162 ||   319
       Bite              |    14 |    28 |    60 ||   102
  Use: Potion            |     2 |     1 |       ||     3
 Stab: Sleeping          |     1 |     6 |     4 ||    11
  Eat: Chunk             |       |     4 |     6 ||    10
Armor: Leather armour    |    30 |    26 |    20 ||    76
       Robe              |       |       |    12 ||    12
Dodge: Dodged            |    45 |    64 |   104 ||   213

Table legend:
 A = Spawn XP
 B = Non-spawn XP
 C = Spawn XP percentage of total XP
 D = Spawn monster count
 E = Non-spawn monster count
 F = Spawn count percentage of total count
 G = Total turns spent on level
                    A         B        C        D         E        F      G
               +---------+---------+-------+---------+---------+-------+---------
         Total |       0 |    2601 |   0.0 |       0 |     130 |   0.0 |  4081
               +---------+---------+-------+---------+---------+-------+---------
           D:1 |       0 |      42 |   0.0 |       0 |      19 |   0.0 |   551
           D:2 |       0 |     286 |   0.0 |       0 |      21 |   0.0 |   784
           D:3 |       0 |     875 |   0.0 |       0 |      33 |   0.0 |   917
           D:4 |       0 |     324 |   0.0 |       0 |      17 |   0.0 |   628
           D:5 |       0 |     787 |   0.0 |       0 |      30 |   0.0 |   946
           D:6 |       0 |     287 |   0.0 |       0 |      10 |   0.0 |   119
               +---------+---------+-------+---------+---------+-------+---------
